Map: Arctic Gates

Players

TwoHawks - Winner!

  • Race: Zerg Zerg
  • Spawn Location: 3:00

Alpha - Winner!

  • Race: Terran Terran
  • Spawn Location: 0:00

ONEVSMANY

  • Race: Protoss Protoss
  • League: Platinum
  • Spawn Location: 0:00

Maestro

  • Race: Protoss Protoss
  • League: Platinum
  • Spawn Location: 9:00

VOD

Have the link to the VOD?

Description

Time

  • Played on: Nov. 11, 2017, 6:35 p.m.
  • Length: 12:29
Show
View Real Time Build Order
Export as new Build Order

TwoHawks Zerg - Winner!

Build Orders: Hatch First 

Get SALT Encoding   

  12  0:01  Drone  
  13  0:13  Overlord  
  13  0:18  Drone  
  14  0:33  Drone x2  
  16  0:36  Drone  
  17  0:57  Drone  
  17  0:58  Hatchery  
  17  1:00  Extractor  
  17  1:03  Drone  
  17  1:22  Spawning Pool  
  16  1:28  Drone x3  
  19  1:43  Drone  
  20  1:51  Overlord  
  20  2:10  Zergling x2, Queen  
  20  2:12  Zergling x2, Queen  
  20  2:14  Zergling x2  
  27  2:19  Metabolic Boost  
  27  2:22  Drone  
  28  2:24  Drone  
  29  2:34  Drone x2  
  31  2:44  Overlord  
  31  2:55  Drone x2  
  31  2:58  Drone  
  34  3:09  Drone  
  34  3:10  Drone  
  36  3:15  Drone  
  36  3:17  Overlord  
  37  3:20  Drone x3  
  37  3:21  Drone  
  37  3:23  Drone  
  37  3:24  Drone  
  43  3:32  Drone  
  43  3:33  Pneumatized Carapace  
  44  3:35  Drone  
  44  3:38  Drone  
  44  3:40  Drone  
  47  3:48  Drone  
  48  3:50  Drone  
  49  3:57  Drone x2  
  49  3:59  Overlord x2  
  49  4:00  Hatchery, Drone  
  51  4:04  Extractor  
  51  4:06  Extractor  
  51  4:07  Extractor  
  51  4:09  Roach Warren  
  47  4:12  Overlord  
  47  4:20  Drone x2  
  47  4:21  Overlord  
  47  4:22  Drone  
  50  4:34  Overlord x2  
  50  4:36  Lair  
  50  4:38  Overlord x2  
  50  4:41  Queen  
  52  4:46  Drone  
  52  4:47  Drone x3  
  52  4:51  Drone  
  52  4:52  Drone  
  58  4:57  Drone  
  59  5:13  Overlord x2  
  59  5:36  Overlord x2  
  59  5:37  Roach x6, Drone  
  59  5:41  Glial Reconstitution  
  59  5:42  Hydralisk Den  
  71  5:49  Roach x7  
  85  5:51  Roach  
  87  6:02  Roach x3  
  95  6:04  Roach  
  95  6:08  Roach x3  
  101  6:13  Roach x2  
  105  6:24  Roach x5  
  105  6:25  Roach  
  117  6:27  Roach  
  119  6:34  Hydralisk  
  121  6:41  Muscular Augments  
  121  6:46  Evolution Chamber  
  118  6:47  Evolution Chamber  
  118  6:53  Roach x4  
  125  6:55  Roach  
  127  7:14  Hydralisk x4  
  127  7:15  Hydralisk  
  136  7:25  Spore Crawler  
  136  7:26  Spore Crawler  
  131  7:44  Overseer x2  
  131  7:52  Overseer x2  
  131  7:54  Hydralisk x3  
  137  8:15  Hatchery, Zerg Missile Weapons Level 1, Zerg Ground Armor Level 1  
  137  8:16  Overlord x3  
  136  8:20  Drone x2  
  136  8:24  Overlord  
  136  8:25  Overlord  
  138  8:36  Hydralisk x4  
  138  8:37  Hydralisk  
  148  8:43  Spore Crawler, Hydralisk  
  148  8:47  Extractor  
  148  8:50  Extractor  
  147  8:56  Hydralisk x4  
  155  9:03  Hydralisk x2  
  155  9:06  Drone  
  155  9:09  Hydralisk  
  160  9:15  Drone x4  
  167  9:17  Drone  
  165  9:44  Hydralisk x2  
  165  9:45  Roach x7  
  171  10:05  Ravager x2  
  171  10:06  Ravager  
  174  10:07  Roach  
  174  10:10  Zergling x20  
  174  10:13  Overlord x4  
  184  10:18  Infestation Pit  
  170  10:51  Roach x4  
  170  10:52  Roach x7  
  188  10:57  Roach  
  188  10:58  Roach x3  
  188  11:01  Roach  
  200  11:04  Roach  
  193  11:24  Roach  
  193  11:25  Roach x7  
Show
View Real Time Build Order
Export as new Build Order

Alpha Terran - Winner!

Build Orders: Reaper Expand 

Get SALT Encoding   

  12  0:02  SCV  
  13  0:14  SCV  
  13  0:21  Supply Depot  
  14  0:26  SCV  
  15  0:32  Refinery  
  15  0:42  SCV  
  16  0:49  Barracks  
  16  1:05  SCV  
  17  1:17  SCV  
  18  1:29  SCV  
  19  1:37  Reaper  
  20  1:41  Orbital Command  
  20  1:58  Command Center  
  20  2:05  Factory  
  20  2:20  Barracks Reactor  
  20  2:21  SCV  
  20  2:22  Refinery  
  21  2:33  SCV  
  22  2:38  Supply Depot  
  22  2:45  SCV  
  22  2:50  Starport  
  23  2:59  Widow Mine  
  23  3:00  SCV, Marine x2  
  28  3:12  SCV  
  29  3:15  Orbital Command  
  29  3:17  Marine x2  
  31  3:25  SCV  
  32  3:29  Medivac  
  34  3:34  Factory Reactor  
  34  3:40  Supply Depot  
  34  3:44  SCV x2  
  34  3:45  Marine x2  
  38  3:56  SCV  
  39  4:12  SCV x2  
  39  4:14  Supply Depot  
  39  4:16  Starport Reactor  
  41  4:22  Barracks  
  41  4:31  Barracks Tech Lab  
  41  4:34  Barracks  
  41  4:35  SCV x2  
  43  4:47  SCV x2  
  45  5:03  SCV x2  
  37  5:08  Refinery x2  
  37  5:11  Stimpack  
  37  5:12  Marine  
  38  5:31  Factory Tech Lab  
  38  5:33  Marine x2  
  38  5:35  Marine x2  
  41  5:41  Marine  
  43  5:49  SCV x2  
  45  5:50  Marine  
  45  5:57  Supply Depot  
  46  6:01  Engineering Bay  
  46  6:04  Engineering Bay  
  46  6:10  Medivac x2  
  50  6:11  Marine x2  
  50  6:13  Marine  
  50  6:14  Marauder, Marine  
  56  6:25  Supply Depot  
  56  6:32  SCV x2  
  58  6:39  Terran Infantry Armor Level 1, Terran Infantry Weapons Level 1  
  58  6:45  Missile Turret x2  
  58  6:49  Medivac x2  
  62  6:59  Marine x4  
  62  7:00  Marauder  
  68  7:10  Missile Turret  
  68  7:12  SCV x2  
  70  7:16  Siege Tank  
  70  7:19  Medivac x2  
  70  7:21  Marine  
  78  7:29  Supply Depot x2  
  78  7:33  Armory  
  78  7:50  SCV x2, Marine x3  
  78  7:51  Marauder  
  85  7:57  Siege Tank  
  88  7:58  Marine  
  88  8:02  SCV x2  
  91  8:07  Barracks x2  
  91  8:08  Supply Depot, Marine x2  
  91  8:09  Barracks  
  91  8:10  Supply Depot  
  93  8:12  Supply Depot  
  93  8:30  Marauder, Marine x2  
  93  8:31  Marine x2  
  99  8:34  Siege Tank  
  99  8:35  Medivac x2  
  106  8:48  Marine x2  
  107  8:49  Marine  
  107  8:51  Marauder  
  111  9:06  Siege Tank  
  114  9:12  Marauder  
  116  9:35  SCV x2  
  118  9:39  Terran Infantry Weapons Level 2, Terran Infantry Armor Level 2  
  118  9:41  Supply Depot x2  
  118  10:03  SCV, Siege Tank  
  122  10:09  Marine x2  
  122  10:10  Marauder, Marine x2  
  119  10:27  Marine  
  116  10:31  Marauder  
  114  10:38  Barracks Reactor  
  114  10:39  Barracks Reactor, Barracks Tech Lab  
  114  11:04  Marine x2  
  114  11:05  Marauder x2, Marine x2  
  122  11:22  Marine  
  110  12:00  Marine x4  
  110  12:01  Marauder x2, Marine x4  
Show
View Real Time Build Order
Export as new Build Order

ONEVSMANY Protoss 

Build Orders: Nexus First 

Get SALT Encoding   

  12  0:25  Probe (Chrono Boost)  
  13  0:35  Pylon  
  13  0:39  Probe (Chrono Boost)  
  14  0:57  Nexus  
  14  1:09  Gateway  
  14  1:15  Assimilator  
  14  1:18  Probe (Chrono Boost)  
  15  1:33  Forge  
  15  1:40  Pylon  
  15  1:44  Probe (Chrono Boost)  
  16  1:51  Pylon  
  16  1:57  Probe (Chrono Boost)  
  17  2:07  Probe (Chrono Boost)  
  18  2:12  Probe (Chrono Boost)  
  19  2:17  Photon Cannon  
  19  2:23  Photon Cannon  
  19  2:29  Probe (Chrono Boost)  
  20  2:33  Probe (Chrono Boost)  
  21  2:44  Cybernetics Core  
  21  2:52  Photon Cannon  
  21  3:02  Probe (Chrono Boost)  
  21  3:03  Probe (Chrono Boost)  
  23  3:06  Pylon  
  23  3:10  Assimilator  
  23  3:13  Probe (Chrono Boost)  
  23  3:15  Probe (Chrono Boost)  
  25  3:22  Stalker  
  25  3:23  Probe (Chrono Boost)  
  25  3:26  Probe (Chrono Boost)  
  30  3:34  Probe (Chrono Boost)  
  30  3:36  Probe (Chrono Boost)  
  31  3:44  Probe (Chrono Boost)  
  31  3:47  Probe (Chrono Boost)  
  33  3:52  Stalker  
  37  3:55  Mothership Core (Chrono Boost)  
  37  3:57  Probe (Chrono Boost)  
  38  4:08  Probe (Chrono Boost)  
  39  4:14  Probe (Chrono Boost)  
  39  4:15  Pylon  
  40  4:18  Probe (Chrono Boost)  
  42  4:24  Probe (Chrono Boost)  
  42  4:27  Pylon  
  42  4:29  Probe (Chrono Boost)  
  43  4:35  Probe (Chrono Boost)  
  43  4:38  Photon Cannon  
  44  4:39  Probe (Chrono Boost)  
  44  4:42  Photon Cannon  
  44  4:44  Pylon  
  44  4:45  Probe (Chrono Boost)  
  46  4:50  Assimilator  
  46  4:55  Photon Cannon  
  46  5:06  Probe x2 (Chrono Boost)  
  48  5:09  Assimilator  
  48  5:16  Stalker, Probe x2 (Chrono Boost)  
  52  5:21  Gateway  
  52  5:23  Gateway  
  52  5:25  Gateway  
  52  5:26  Gateway  
  52  5:27  Probe x2 (Chrono Boost)  
  54  5:32  Pylon  
  54  5:37  Pylon  
  54  5:47  Twilight Council  
  54  5:54  Forge  
  54  5:55  Forge  
  54  5:56  Robotics Facility  
  54  6:00  Photon Cannon  
  54  6:03  Probe x2 (Chrono Boost)  
  56  6:09  Stalker  
  56  6:10  Stalker  
  60  6:14  Probe x2 (Chrono Boost)  
  62  6:24  Probe x2 (Chrono Boost)  
  64  6:28  Warp Gate, Stalker  
  64  6:29  Stalker x2  
  70  6:35  Probe x2 (Chrono Boost)  
  72  6:44  Stalker x2  
  72  6:45  Probe (Chrono Boost)  
  72  6:46  Probe (Chrono Boost)  
  78  6:51  Blink  
  78  6:56  Probe (Chrono Boost)  
  78  6:57  Probe (Chrono Boost)  
  78  6:58  Stalker x2  
  84  7:07  Probe x2 (Chrono Boost)  
  86  7:23  Nexus  
  86  7:25  Pylon  
  86  7:28  Pylon, Probe x2 (Chrono Boost)  
  88  7:30  Stalker  
  88  7:35  Pylon  
  90  7:38  Probe x2 (Chrono Boost)  
  92  7:48  Photon Cannon  
  92  7:49  Probe x2 (Chrono Boost)  
  92  7:51  Assimilator  
  94  7:52  Photon Cannon  
  94  7:55  Pylon  
  94  7:57  Assimilator  
  94  7:59  Probe (Chrono Boost)  
  94  8:00  Probe (Chrono Boost)  
  96  8:10  Probe x2 (Chrono Boost)  
  98  8:13  Protoss Shields Level 1, Protoss Ground Armor Level 1, Protoss Ground Weapons Level 1  
  98  8:15  Observer  
  99  8:20  Probe (Chrono Boost)  
  99  8:21  Probe (Chrono Boost)  
  101  8:31  Probe x2 (Chrono Boost)  
  103  8:37  Observer  
  103  8:39  Photon Cannon  
  104  8:42  Probe x2 (Chrono Boost)  
  106  8:49  Probe (Chrono Boost)  
  106  8:52  Probe x2 (Chrono Boost)  
  109  8:59  Probe (Chrono Boost)  
  111  9:03  Probe x2 (Chrono Boost)  
  113  9:10  Probe (Chrono Boost)  
  113  9:13  Probe (Chrono Boost)  
  114  9:23  Mothership Core (Chrono Boost)  
  112  9:37  Stalker x5  
  122  9:41  Probe x3 (Chrono Boost)  
  125  9:51  Probe (Chrono Boost)  
  120  10:08  Stalker  
  120  10:09  Stalker x4  
  120  10:13  Protoss Ground Armor Level 2  
  107  11:35  Nexus  
  107  11:36  Pylon  
  107  11:39  Pylon x4  
  107  11:41  Assimilator  
  107  11:46  Pylon  
  107  11:54  Probe x2 (Chrono Boost)  
  105  12:05  Probe (Chrono Boost)  
  94  12:12  Stalker x3  
  94  12:13  Stalker x2  
Show
View Real Time Build Order
Export as new Build Order

Maestro Protoss 

Build Orders: 1 Gate Expand 

Get SALT Encoding   

  12  0:01  Probe (Chrono Boost)  
  13  0:11  Probe (Chrono Boost)  
  14  0:19  Pylon  
  14  0:22  Probe (Chrono Boost)  
  15  0:38  Gateway  
  15  0:40  Assimilator  
  15  0:46  Probe (Chrono Boost)  
  16  0:57  Probe (Chrono Boost)  
  17  1:07  Probe (Chrono Boost)  
  18  1:18  Probe (Chrono Boost)  
  19  1:30  Nexus  
  19  1:42  Assimilator  
  19  1:48  Cybernetics Core  
  19  2:01  Pylon  
  18  2:23  Probe (Chrono Boost)  
  19  2:30  Adept (Chrono Boost)  
  19  2:35  Mothership Core  
  23  2:49  Probe  
  24  2:58  Robotics Facility  
  24  3:07  Pylon  
  24  3:12  Probe  
  24  3:13  Probe  
  24  3:14  Assimilator  
  26  3:21  Gateway  
  26  3:22  Warp Gate (Chrono Boost)  
  26  3:27  Probe  
  27  3:36  Stalker (Chrono Boost)  
  27  3:41  Probe  
  29  3:42  Probe  
  29  3:47  Observer  
  32  3:52  Probe  
  32  3:54  Probe  
  34  4:03  Probe  
  34  4:06  Probe  
  36  4:13  Warp Prism, Probe  
  39  4:19  Probe  
  40  4:24  Probe  
  40  4:28  Adept  
  43  4:33  Adept  
  43  4:37  Pylon  
  45  4:43  Gateway  
  45  4:55  Twilight Council  
  45  5:22  Gateway x2  
  45  5:24  Gateway  
  45  5:27  Pylon  
  45  5:29  Pylon, Adept  
  47  5:37  Resonating Glaives (Chrono Boost), Probe  
  47  5:39  Probe  
  49  5:51  Probe  
  49  5:57  Probe  
  50  5:58  Assimilator  
  50  6:03  Probe  
  52  6:07  Probe  
  52  6:09  Forge  
  53  6:15  Dark Shrine  
  53  6:30  Pylon  
  53  7:20  Protoss Ground Weapons Level 1 (Chrono Boost)  
  53  7:23  Probe  
  53  7:25  Probe  
  55  7:33  Dark Templar x2  
  59  7:37  Nexus  
  53  8:08  Pylon  
  53  8:09  Dark Templar  
  53  8:10  Pylon, Dark Templar x5  
  65  8:13  Archon  
  65  8:14  Archon x2  
  65  8:21  Probe  
  65  8:22  Probe  
  67  8:34  Probe  
  68  8:45  Assimilator  
  68  8:49  Assimilator  
  68  8:59  Zealot x4  
  76  9:09  Charge (Chrono Boost)  
  73  9:25  Zealot x3  
  73  9:26  Zealot x3  
  77  9:35  Mothership Core  
  55  9:47  Dark Templar x6  
  55  9:51  Archon x3  
  67  10:26  Zealot x4  
  67  10:27  Zealot  
  77  10:46  Immortal  
  69  10:51  Zealot x2  
  69  10:52  Zealot x2  
  77  11:17  Pylon  
  77  11:21  Pylon x2  
  64  11:42  Pylon  
  43  12:03  Pylon, Zealot  
  43  12:04  Zealot x2  
  43  12:05  Pylon  
Tags
 
Add a new tag
Caveats
  • Supply blocks, unpowered buildings, or Contaminate may cause inaccurate times.
  • Supply counts are checked every 10 seconds.